3A
MYRTLE BEACH SEAHAWKS @ GRAND FORKS CATERPILLARS
08/22/2022
 
TOP OF THE 1ST
Myrtle Beach Seahawks batting - Pitching for Grand Forks Caterpillars : RHP Esteban Nevárez
Pitching: RHP Esteban Nevárez
Batting: RHB Fernando Pérez 0-0: Called Strike
0-1: Ball
1-1: Ball
2-1: Ball
3-1: Called Strike
3-2: Strikes out swinging
Batting: RHB José Sosa 0-0: Ball
1-0: Ground out 4-3 (Groundball, 4MD)
Batting: SHB Jorge Barrios 0-0: Called Strike
0-1: Ball
1-1: Foul Ball, location: 2F
1-2: Ball
2-2: Foul Ball, location: 2F
2-2: Ball
3-2: Fly out, F5 (Line Drive, 56)
Top of the 1st over - 0 run(s), 0 hit(s), 0 error(s), 0 left on base; Myrtle Beach 0 - Grand Forks 0
BOTTOM OF THE 1ST
Grand Forks Caterpillars batting - Pitching for Myrtle Beach Seahawks : RHP José Guardado
Pitching: RHP José Guardado
Batting: SHB Luchino Salimbeni 0-0: Ball
1-0: Ball
2-0: Ball
3-0: Base on Balls
Batting: RHB Javier Rivera 0-0: Called Strike
0-1: Foul Ball, location: 2F
0-2: Ball
1-2: Strikes out looking
Batting: RHB Vicente Cruz 0-0: Ball
1-0: Ball
2-0: Foul Ball, location: 2F
2-1: Swinging Strike
2-2: Strikes out looking
Batting: RHB Salvador Esparza 0-0: Ball
1-0: Called Strike
1-1: Swinging Strike
1-2: Ball
2-2: Strikes out swinging
Bottom of the 1st over - 0 run(s), 0 hit(s), 0 error(s), 1 left on base; Myrtle Beach 0 - Grand Forks 0
TOP OF THE 2ND
Myrtle Beach Seahawks batting - Pitching for Grand Forks Caterpillars : RHP Esteban Nevárez
Batting: RHB Rodrigo Lugo 0-0: Ball
1-0: Ball
2-0: Ball
3-0: Called Strike
3-1: Base on Balls
Batting: SHB Tony Martínez 0-0: Ball
1-0: Ball
2-0: Called Strike
2-1: Ball
3-1: Foul Ball, location: 2F
3-2: Foul Ball, location: 2F
3-2: Fly out, F8 (Flyball, 8LXD)
Batting: RHB Manuel Díaz 0-0: Ball
1-0: Foul Ball, location: 2F
1-1: Ball
2-1: Called Strike
2-2: Ball
3-2: Strikes out swinging
Batting: RHB Guillaume Colin 0-0: Called Strike
0-1: Called Strike
0-2: Ground out 5-3 (Groundball, 56S)
Top of the 2nd over - 0 run(s), 0 hit(s), 0 error(s), 1 left on base; Myrtle Beach 0 - Grand Forks 0
BOTTOM OF THE 2ND
Grand Forks Caterpillars batting - Pitching for Myrtle Beach Seahawks : RHP José Guardado
Batting: LHB Armando Becerra 0-0: Ball
1-0: Fly out, F7 (Flyball, 7M)
Batting: RHB Juan Garza 0-0: Called Strike
0-1: Ball
1-1: Foul Ball, location: 2F
1-2: Ball
2-2: Ball
3-2: SINGLE (Popup, 6MD)
Batting: LHB Damian Delaney 0-0: Ball
1-0: Swinging Strike
1-1: Ball
2-1: Ball
3-1: Fly out, F9 (Line Drive, 9S)
Batting: RHB Carlos Romero 0-0: Called Strike
0-1: Foul Ball, location: 2F
0-2: Strikes out swinging
Bottom of the 2nd over - 0 run(s), 1 hit(s), 0 error(s), 1 left on base; Myrtle Beach 0 - Grand Forks 0
TOP OF THE 3RD
Myrtle Beach Seahawks batting - Pitching for Grand Forks Caterpillars : RHP Esteban Nevárez
Batting: RHB Roberto Escues 0-0: Ball
1-0: Ground out 2-3 (Groundball, 23)
Batting: SHB Jim Unknown 0-0: Ground out 6-3 (Groundball, 6MS)
Batting: RHB Fernando Pérez 0-0: Called Strike
0-1: Ball
1-1: DOUBLE (Line Drive, 7LM)
Batting: RHB José Sosa 0-0: Fly out, F8 (Flyball, 8RM)
Top of the 3rd over - 0 run(s), 1 hit(s), 0 error(s), 1 left on base; Myrtle Beach 0 - Grand Forks 0
BOTTOM OF THE 3RD
Grand Forks Caterpillars batting - Pitching for Myrtle Beach Seahawks : RHP José Guardado
Batting: RHB Jesús Ortíz 0-0: Ball
1-0: Called Strike
1-1: Ball
2-1: Fly out, F3 (Popup, 23F)
Batting: SHB Luchino Salimbeni 0-0: Foul Ball, location: 2F
0-1: SINGLE (Groundball, 25) (infield hit)
Batting: RHB Javier Rivera 0-0: Ball
1-0: Called Strike
1-1: SINGLE (Groundball, 4M) (infield hit)
Luchino Salimbeni to second
Batting: RHB Vicente Cruz 0-0: Ball
1-0: Fly out, F6 (Line Drive, 6)
1-0: Lined into DP, 6-4 (Line Drive, 6)
Bottom of the 3rd over - 0 run(s), 2 hit(s), 0 error(s), 1 left on base; Myrtle Beach 0 - Grand Forks 0
TOP OF THE 4TH
Myrtle Beach Seahawks batting - Pitching for Grand Forks Caterpillars : RHP Esteban Nevárez
Batting: SHB Jorge Barrios 0-0: Called Strike
0-1: Fly out, F8 (Flyball, 8RM)
Batting: RHB Rodrigo Lugo 0-0: Foul Ball, location: 2F
0-1: Ball
1-1: Fly out, F7 (Flyball, 7LM)
Batting: SHB Tony Martínez 0-0: Ball
1-0: DOUBLE (Line Drive, 5D)
Batting: RHB Manuel Díaz 0-0: Ball
1-0: Ground out 5-3 (Groundball, 5L)
Top of the 4th over - 0 run(s), 1 hit(s), 0 error(s), 1 left on base; Myrtle Beach 0 - Grand Forks 0
BOTTOM OF THE 4TH
Grand Forks Caterpillars batting - Pitching for Myrtle Beach Seahawks : RHP José Guardado
Batting: RHB Salvador Esparza 0-0: Ground out 2-3 (Groundball, 2R)
Batting: LHB Armando Becerra 0-0: Foul Ball, location: 2F
0-1: Ball
1-1: Foul Ball, location: 2F
1-2: Strikes out looking
Batting: RHB Juan Garza 0-0: Called Strike
0-1: Ball
1-1: Ball
2-1: Foul Ball, location: 2F
2-2: Reached on Error, E4 (Popup, 4)
Batting: LHB Damian Delaney 0-0: Called Strike
0-1: Ball
1-1: SINGLE (Line Drive, 7S)
Juan Garza to second
Batting: RHB Carlos Romero 0-0: Ball
1-0: Called Strike
1-1: Foul Ball, location: 2F
1-2: Ball
2-2: Strikes out swinging
Bottom of the 4th over - 0 run(s), 1 hit(s), 1 error(s), 2 left on base; Myrtle Beach 0 - Grand Forks 0
TOP OF THE 5TH
Myrtle Beach Seahawks batting - Pitching for Grand Forks Caterpillars : RHP Esteban Nevárez
Batting: RHB Guillaume Colin 0-0: Ball
1-0: Called Strike
1-1: Swinging Strike
1-2: Strikes out looking
Batting: RHB Roberto Escues 0-0: Called Strike
0-1: Foul Ball, location: 2F
0-2: SINGLE (Line Drive, 6MD)
Batting: SHB Jim Unknown 0-0: Called Strike
0-1: Ball
1-1: Called Strike
1-2: Fielders Choice at 2nd, 6-4 (Groundball, 6)
Batting: RHB Fernando Pérez 0-0: Called Strike
0-1: Ball
1-1: SINGLE (Groundball, 6) (infield hit)
Jim Unknown to second
Batting: RHB José Sosa 0-0: Swinging Strike
0-1: Ball
1-1: Ball
2-1: Ground out 1-3 (Groundball, 13)
Top of the 5th over - 0 run(s), 2 hit(s), 0 error(s), 2 left on base; Myrtle Beach 0 - Grand Forks 0
BOTTOM OF THE 5TH
Grand Forks Caterpillars batting - Pitching for Myrtle Beach Seahawks : RHP José Guardado
Batting: RHB Jesús Ortíz 0-0: Ball
1-0: Ball
2-0: Ball
3-0: Foul Ball, location: 2F
3-1: Called Strike
3-2: Base on Balls
Batting: SHB Luchino Salimbeni 0-0: Fielders Choice at 2nd, 4-6 (Groundball, 4)
Batting: RHB Javier Rivera 0-0: Swinging Strike
0-1: Ball
1-1: Ball
Wild Pitch!
Luchino Salimbeni to second
2-1: Intentional Walk
Batting: RHB Vicente Cruz 0-0: Foul Ball, location: 2F
0-1: Called Strike
0-2: Ball
1-2: Foul Ball, location: 2F
1-2: Hit by Pitch
Luchino Salimbeni to third
Javier Rivera to second
Batting: RHB Salvador Esparza 0-0: Called Strike
0-1: Foul Ball, location: 2F
0-2: Ball
1-2: Foul Ball, location: 2F
1-2: Strikes out swinging
Batting: LHB Armando Becerra 0-0: Ball
1-0: Foul Ball, location: 2F
1-1: Ball
2-1: SINGLE (Line Drive, 34)
Luchino Salimbeni scores
Javier Rivera to third
Vicente Cruz to second
Runner from 3rd tries for Home, SAFE, no throw or cutoff
Batting: RHB Juan Garza 0-0: Called Strike
0-1: Ball
1-1: Ball
2-1: Foul Ball, location: 2F
2-2: Foul Ball, location: 2F
2-2: Foul Ball, location: 2F
2-2: Ground out 1-3 (Groundball, 13S)
Bottom of the 5th over - 2 run(s), 1 hit(s), 0 error(s), 2 left on base; Myrtle Beach 0 - Grand Forks 2
TOP OF THE 6TH
Myrtle Beach Seahawks batting - Pitching for Grand Forks Caterpillars : RHP Esteban Nevárez
Pitching: LHP Rio Bavin
Batting: SHB Jorge Barrios 0-0: Ball
1-0: Foul Ball, location: 2F
1-1: Swinging Strike
1-2: Ball
2-2: Foul Ball, location: 2F
2-2: Foul Ball, location: 2F
2-2: SINGLE (Flyball, 9LS)
Batting: RHB Rodrigo Lugo 0-0: Ball
1-0: Ball
2-0: Ball
3-0: Base on Balls
Jorge Barrios to second
Batting: SHB Tony Martínez 0-0: Called Strike
0-1: SINGLE (Line Drive, 9S)
Jorge Barrios to third
Rodrigo Lugo to second
Throwing error, E9
Jorge Barrios scores
Rodrigo Lugo to third
Tony Martínez to second
Batting: RHB Manuel Díaz 0-0: Foul Ball, location: 2F
0-1: Ball
1-1: Ball
Passed Ball!
Rodrigo Lugo scores
Tony Martínez to third
2-1: Ball
3-1: Foul Ball, location: 2F
3-2: Strikes out swinging
Batting: RHB Guillaume Colin 0-0: Ball
1-0: Swinging Strike
1-1: Called Strike
1-2: Ball
2-2: Strikes out swinging
Batting: RHB Roberto Escues 0-0: Called Strike
0-1: Swinging Strike
0-2: Ball
1-2: Strikes out looking
Top of the 6th over - 2 run(s), 2 hit(s), 1 error(s), 1 left on base; Myrtle Beach 2 - Grand Forks 2
BOTTOM OF THE 6TH
Grand Forks Caterpillars batting - Pitching for Myrtle Beach Seahawks : RHP José Guardado
Batting: LHB Damian Delaney 0-0: Ball
1-0: Ball
2-0: Called Strike
2-1: Called Strike
2-2: Fly out, F7 (Flyball, 7M)
Batting: RHB Carlos Romero 0-0: Called Strike
0-1: Swinging Strike
0-2: Ball
1-2: Strikes out looking
Batting: RHB Jesús Ortíz 0-0: Foul Ball, location: 2F
0-1: Foul Ball, location: 2F
0-2: Foul Ball, location: 2F
0-2: Strikes out swinging
Bottom of the 6th over - 0 run(s), 0 hit(s), 0 error(s), 0 left on base; Myrtle Beach 2 - Grand Forks 2
TOP OF THE 7TH
Myrtle Beach Seahawks batting - Pitching for Grand Forks Caterpillars : LHP Rio Bavin
Batting: SHB Jim Unknown 0-0: Ball
1-0: Ball
2-0: Ball
3-0: Base on Balls
Batting: RHB Fernando Pérez 0-0: Bunted foul
0-1: Bunted foul
0-2: Ball
1-2: Strikes out swinging
Batting: RHB José Sosa 0-0: Swinging Strike
0-1: Ball
1-1: Called Strike
1-2: Fielders Choice at 2nd, 6-4 (Groundball, 6)
Pitching: RHP Tim Cross
Batting: SHB Jorge Barrios 0-0: Ball
1-0: Swinging Strike
1-1: Called Strike
1-2: Ball
2-2: Strikes out swinging
Top of the 7th over - 0 run(s), 0 hit(s), 0 error(s), 1 left on base; Myrtle Beach 2 - Grand Forks 2
BOTTOM OF THE 7TH
Grand Forks Caterpillars batting - Pitching for Myrtle Beach Seahawks : RHP José Guardado
Batting: SHB Luchino Salimbeni 0-0: Ball
1-0: Foul Ball, location: 2F
1-1: Ground out 4-3 (Groundball, 4M)
Batting: RHB Javier Rivera 0-0: Fly out, F8 (Flyball, 8LS)
Batting: RHB Vicente Cruz 0-0: Called Strike
0-1: Foul Ball, location: 2F
0-2: Foul Ball, location: 2F
0-2: SINGLE (Groundball, 4MD)
Batting: RHB Salvador Esparza 0-0: Ball
1-0: Foul Ball, location: 2F
1-1: Foul Ball, location: 2F
1-2: Ground out 5-3 (Groundball, 5S)
Bottom of the 7th over - 0 run(s), 1 hit(s), 0 error(s), 1 left on base; Myrtle Beach 2 - Grand Forks 2
TOP OF THE 8TH
Myrtle Beach Seahawks batting - Pitching for Grand Forks Caterpillars : RHP Tim Cross
Batting: RHB Rodrigo Lugo 0-0: Ball
1-0: Ball
2-0: Called Strike
2-1: Foul Ball, location: 2F
2-2: Strikes out swinging
Batting: SHB Tony Martínez 0-0: Called Strike
0-1: Foul Ball, location: 2F
0-2: Ball
1-2: Ball
2-2: Ball
3-2: SINGLE (Line Drive, 6D)
Batting: RHB Manuel Díaz 0-0: Called Strike
Tony Martínez is caught stealing 2nd base
0-1: Swinging Strike
0-2: Ball
1-2: Ball
2-2: Ball
3-2: Base on Balls
Batting: RHB Guillaume Colin 0-0: Ball
Manuel Díaz is caught stealing 2nd base
Top of the 8th over - 0 run(s), 1 hit(s), 0 error(s), 0 left on base; Myrtle Beach 2 - Grand Forks 2
BOTTOM OF THE 8TH
Grand Forks Caterpillars batting - Pitching for Myrtle Beach Seahawks : RHP José Guardado
Pitching: RHP Andrew Webster
Batting: LHB Armando Becerra 0-0: Called Strike
0-1: SINGLE (Groundball, 4M)
Batting: RHB Juan Garza 0-0: Ball
1-0: Swinging Strike
1-1: Grounds into double play, 6-4-3 (Groundball, 6)
Batting: LHB Damian Delaney 0-0: Ball
1-0: Ball
2-0: Called Strike
2-1: Fly out, F7 (Flyball, 7LS)
Bottom of the 8th over - 0 run(s), 1 hit(s), 0 error(s), 0 left on base; Myrtle Beach 2 - Grand Forks 2
TOP OF THE 9TH
Myrtle Beach Seahawks batting - Pitching for Grand Forks Caterpillars : RHP Tim Cross
Pitching: LHP Juan Costello
Batting: RHB Guillaume Colin 0-0: Ball
1-0: Foul Ball, location: 2F
1-1: Ball
2-1: SINGLE (Line Drive, 34)
Batting: RHB Roberto Escues 0-0: Reached on error, E1 (Groundball, 13)
Guillaume Colin to third
Batting: SHB Jim Unknown 0-0: Called Strike
0-1: Ground out 5-3 (Groundball, 5L)
Batting: RHB Fernando Pérez 0-0: Hit by Pitch
Batting: RHB José Sosa 0-0: Called Strike
0-1: Ball
1-1: Ball
2-1: Fly out, F7 (Flyball, 78S)
Batting: SHB Jorge Barrios 0-0: Swinging Strike
0-1: Ball
1-1: Ball
2-1: Foul Ball, location: 2F
2-2: Ball
3-2: Foul Ball, location: 2F
3-2: Foul Ball, location: 2F
Balk!
Guillaume Colin scores
Roberto Escues to third
Fernando Pérez to second
3-2: SINGLE (Line Drive, 89M)
Roberto Escues scores
Fernando Pérez to third
Fernando Pérez scores
Batting: RHB Rodrigo Lugo 0-0: Ball
1-0: Ground out 5-3 (Groundball, 5L)
Top of the 9th over - 3 run(s), 2 hit(s), 1 error(s), 1 left on base; Myrtle Beach 5 - Grand Forks 2
BOTTOM OF THE 9TH
Grand Forks Caterpillars batting - Pitching for Myrtle Beach Seahawks : RHP Andrew Webster
Pitching: RHP Dennis Dunn
Batting: RHB Carlos Romero 0-0: Ball
1-0: Ball
2-0: Ground out 6-3 (Groundball, 6)
Batting: RHB Jesús Ortíz 0-0: Called Strike
0-1: Ground out 4-3 (Groundball, 4M)
Batting: SHB Luchino Salimbeni 0-0: Foul Ball, location: 2F
0-1: Foul Ball, location: 2F
0-2: Foul Ball, location: 2F
0-2: Foul Ball, location: 2F
0-2: Ball
1-2: Ground out 3-1 (Groundball, 34)
Bottom of the 9th over - 0 run(s), 0 hit(s), 0 error(s), 0 left on base; Myrtle Beach 5 - Grand Forks 2
This league is powered by Out of the Park Baseball, the baseball management simulation game for PC, Mac and Linux
Friday, April 15th, 2016 - OOTP Baseball 16.9 Build 39